 Dungeon Crawl Stone Soup version 0.24-a0-809-g71cb82dfb8 (webtiles) character file.

Game seed: 2999032282809466290, levelgen mode: deterministic

312 Kohma the Caller (level 6, 0/41 HPs)
             Began as a Merfolk Summoner on Oct 11, 2019.
             Slain by a wraith (8 damage)
             ... on level 5 of the Dungeon.
             The game lasted 00:19:09 (4136 turns).

Kohma the Caller (Merfolk Summoner)                 Turns: 4136, Time: 00:19:10

Health: 0/41       AC:  8    Str:  9    XL:     6   Next: 42%
Magic:  3/12       EV: 12    Int: 16    God:
Gold:   279        SH:  0    Dex: 14    Spells: 8/14 levels left

rFire    . . .     SeeInvis .   C - +0 spear of Qazlal's Hatred {holy, rPois}
rCold    . . .     Gourm    .   (no shield)
rNeg     + . .     Faith    .   m - +0 leather armour
rPois    +         Spirit   .   (no helmet)
rElec    .         Reflect  .   k - +0 cloak
rCorr    .         Harm     .   d - +0 pair of gloves
MR       .....                  y - +2 pair of boots {run}
Stlth    ++........             (no amulet)
HPRegen  0.13/turn              n - ring of positive energy
MPRegen  0.13/turn              (no ring)

@: slowed, studying Throwing, very slow
A: change form in water, swift swim, stealthy swim
a: no special abilities


You were on level 5 of the Dungeon.
You were very hungry.

You visited 1 branch of the dungeon, and saw 5 of its levels.

You collected 279 gold pieces.

Inventory:

Hand Weapons
 w - a +1 trident
 C - the +0 spear of Qazlal's Hatred (weapon) {holy, rPois}
   (You found it on level 4 of the Dungeon)

   It has been blessed by the Shining One to cause great damage to the undead
   and demons.
   It protects you from poison.
Missiles
 i - 119 stones (quivered)
 j - 76 sling bullets
Armour
 d - a +0 pair of gloves (worn)
 h - a +0 ring mail
 k - a +0 cloak (worn)
 m - a +0 leather armour (worn)
 y - a +2 pair of boots of running (worn)
 B - a cursed +0 buckler
Jewellery
 n - a ring of positive energy (left hand)
 r - an uncursed ring of ice
Wands
 g - a wand of random effects (21)
 p - a wand of flame (26)
Scrolls
 a - 4 scrolls of identify
 e - 3 scrolls of amnesia
 q - 2 scrolls of remove curse
 s - 2 scrolls of teleportation
 t - a scroll of enchant weapon
 v - 2 scrolls of blinking
Potions
 b - a potion of cancellation {unknown}
 f - 2 potions of haste {unknown}
 l - a potion of brilliance {unknown}
 u - a potion of resistance {unknown}
 x - a potion of magic {unknown}
 A - 2 potions of curing
 D - a potion of mutation {unknown}
Books
 z - a manual of Throwing
Comestibles
 c - 10 rations
 o - 11 chunks of flesh


   Skills:
 - Level 2.6 Dodging
 - Level 2.1 Stealth
 + Level 4.5 Spellcasting
 - Level 6.0 Summonings


You had 8 spell levels left.
You knew the following spells:

 Your Spells              Type           Power        Failure   Level  Hunger
b - Call Imp              Summ           ###.....     3%          2    ##.....
c - Summon Lightning Spi  Summ/Air       ##......     54%         4    ####...

Your spell library contained the following spells:

 Spells                   Type           Power        Failure   Level  Hunger
 Summon Small Mammal      Summ           ###.         1%          1    None
 Call Canine Familiar     Summ           ###.....     6%          3    ###....
 Summon Guardian Golem    Hex/Summ       ##......     21%         3    ###....
 Summon Ice Beast         Ice/Summ       ##......     54%         4    ####...


Dungeon Overview and Level Annotations

Branches:
Dungeon (5/15)
 Temple: D:4-7

Altars:
Fedhas
Gozag
Nemelex Xobeh
Zin

Shops:
D:4 %[(


Message History

g - Guard the area. f - Follow me.
Anything else - Cancel.
Gang up on whom?
Press: ? - help, Dir - move target cursor, f/p - wraith
Aim: a wraith (moderately damaged) Attack!
Your white imp hits the wraith.
Your white imp freezes the wraith.
The wraith resists.
The wraith hits you.
* * * LOW HITPOINT WARNING * * *
The wraith drains your vigour!
You feel yourself slow down.
Your white imp hits the wraith but does no damage. x2
Your white imp hits the wraith but does no damage.
The wraith hits you.
* * * LOW HITPOINT WARNING * * *
The wraith drains your vigour!
You feel as though you will be slow longer.
You hit the wraith.
The wraith convulses.
The wraith is heavily damaged.
Your white imp hits the wraith but does no damage.
The wraith hits you!
You die...

######. ........... .
.........#....#....#.#
..........#.>....#.!#.
...................##...
.#..#.......##...#..#..#
...#.......##......#..# #..
#.........#.#.#.###### #..
#..........).........#
##..###...<..#.W@..........#
..............5##..))......#
.#..$##......#.##..........#
.....##......#.##..........#
...#.##..[...#.##..........#
#..#$.####..##.##..........#
#. ##.. #.###.##...##.#####
#. #.# #.# #.#..#.##.### #
(. ..# .#.##.##...######


You could see a wraith and a friendly white imp.

Vanquished Creatures
  A bullfrog skeleton (D:4)
  A worker ant (D:4)
  3 adders
  2 leopard geckos
  3 orcs
  4 giant cockroaches
  2 jackals
  A quokka (D:4)
  A ball python (D:4)
  6 bats
  2 frilled lizards (D:3)
  A kobold (D:2)
  A leopard gecko skeleton (D:4)
  6 rats
34 creatures vanquished.

Vanquished Creatures (collateral kills)
  An ogre (D:4)
  An orc priest (D:4)
  A hound (D:4)
  An orc wizard (D:5)
  An iguana (D:4)
  A worker ant (D:3)
  3 gnolls (D:4)
  5 adders
  An ooze (D:2)
  2 dart slugs
  3 leopard geckos
  9 orcs
  4 bats
  3 giant cockroaches
  8 goblins
  4 hobgoblins
  10 jackals
  4 kobolds
  A quokka (D:4)
  2 frilled lizards
  4 rats
69 creatures vanquished.

Grand Total: 103 creatures vanquished

Notes
Turn   | Place    | Note
-------+----------+-------------------------------------------
     0 | D:1      | Kohma the Merfolk Summoner began the quest for the Orb.
     0 | D:1      | Reached XP level 1. HP: 13/13 MP: 3/3
     2 | D:1      | Noticed a troll
     2 | D:1      | Noticed a vampire
     4 | D:1      | Noticed a felid
     6 | D:1      | Noticed a halfling
     6 | D:1      | Noticed a demonspawn
     8 | D:1      | Noticed a gargoyle
     8 | D:1      | Noticed a dwarf
    10 | D:1      | Noticed a centaur
    10 | D:1      | Noticed a formicid
    12 | D:1      | Noticed a ghoul
    14 | D:1      | Noticed a tengu
    14 | D:1      | Noticed an octopode
    16 | D:1      | Noticed a spriggan
    16 | D:1      | Noticed a demigod
    18 | D:1      | Noticed a merfolk
    18 | D:1      | Noticed a draconian
    20 | D:1      | Noticed an elf
    22 | D:1      | Noticed a minotaur
    22 | D:1      | Noticed a human
    24 | D:1      | Noticed a naga
    24 | D:1      | Noticed an ogre
    26 | D:1      | Noticed a vine stalker
   221 | D:1      | Reached XP level 2. HP: 19/19 MP: 5/5
   228 | D:1      | Learned a level 2 spell: Call Imp
   918 | D:2      | Reached XP level 3. HP: 22/24 MP: 1/6
   931 | D:2      | Reached skill level 5 in Summonings
  1062 | D:2      | Found a sparkling altar of Nemelex Xobeh.
  1062 | D:2      | Found a glowing silver altar of Zin.
  1348 | D:3      | Found a faded altar of an unknown god.
  1367 | D:3      | Reached XP level 4. HP: 10/30 MP: 4/7
  1994 | D:3      | Learned a level 4 spell: Summon Lightning Spire
  2127 | D:3      | Reached skill level 6 in Summonings
  2231 | D:3      | Found a blossoming altar of Fedhas.
  2339 | D:3      | Identified a +0 pair of boots of running (You found it on
                  | level 3 of the Dungeon)
  2536 | D:4      | Found Wodeek's Food Boutique.
  2557 | D:4      | Reached XP level 5. HP: 34/35 MP: 8/8
  2593 | D:4      | Got a smoking spear
  2654 | D:4      | Identified the cursed +0 spear of Qazlal's Hatred {holy,
                  | rPois} (You found it on level 4 of the Dungeon)
  2734 | D:4      | Found Nyenur's Antique Armour Emporium.
  2820 | D:4      | Found Plog's Weapon Shoppe.
  2985 | D:4      | Found an opulent altar of Gozag.
  3011 | D:4      | Noticed an ogre
  3031 | D:4      | Killed an ogre
  3099 | D:4      | Reached XP level 6. HP: 9/41 MP: 5/11
  3971 | D:5      | Entered Level 5 of the Dungeon
  4055 | D:5      | Noticed a wraith
  4136 | D:5      | Slain by a wraith

Levels and vault maps discovered:
D:1:      kb_arrival_jail, layout_rooms
D:2:      layout_rooms, grunt_temple_overflow_open, first_ration
D:3:      layout_rooms, fedhas_altar_fruit_tree, chequers_ecumenical_altar_grove
D:4:      layout_basic, nicolae_gozag_cash_rules_everything_around_me,
          serial_shops, shop, shop, kennysheep_mini, minmay_manual_monstrance
D:5:      gammafunk_wand_slinger, layout_rooms, serial_shops, shop, uniq_grinder

Skill      XL: |  1  2  3  4  5  6 |
---------------+-------------------+-----
Summonings     | 5 6 |  6.0
Spellcasting   | 3 4 |  4.5
Dodging        | |  2.6
Stealth        | |  2.1

Action                   |  1- 3 |  4- 6 || total
-------------------------+-------+-------++-------
Melee: Unarmed           |     8 |       ||     8
       Club              |     4 |       ||     4
       Dagger            |    28 |       ||    28
       Short sword       |    24 |       ||    24
       Trident           |     6 |    68 ||    74
       Spear             |       |    65 ||    65
Throw: Stone             |     1 |       ||     1
 Cast: Summon Small Mamm |    11 |     1 ||    12
       Call Imp          |    20 |    63 ||    83
  Use: Potion            |     1 |     1 ||     2
       Scroll            |       |    11 ||    11
 Stab: Sleeping          |     1 |     3 ||     4
  Eat: Chunk             |     3 |    11 ||    14
Armor: Robe              |    11 |       ||    11
       Leather armour    |    12 |    68 ||    80
Dodge: Dodged            |    63 |   109 ||   172

Table legend:
 A = Non-vault XP
 B = Vault XP
 C = Vault XP percentage of total XP
 D = Non-vault monster count
 E = Vault monster count
 F = Vault count percentage of total count
                 A         B        C        D         E       F
            +---------+---------+-------+---------+---------+-------
      Total |     440 |       6 |   1.3 |     100 |       3 |   2.9
            +---------+---------+-------+---------+---------+-------
        D:1 |      25 |       0 |   0.0 |      24 |       0 |   0.0
        D:2 |      34 |       0 |   0.0 |      18 |       0 |   0.0
        D:3 |      99 |       0 |   0.0 |      31 |       0 |   0.0
        D:4 |     255 |       6 |   2.3 |      22 |       3 |  12.0
        D:5 |      27 |       0 |   0.0 |       5 |       0 |   0.0
            +---------+---------+-------+---------+---------+-------
